 Dungeon Crawl Stone Soup version 0.15.0-22-g71df38d (console) character file.

87 gw the Cudgeler (level 4, -11/39 HPs)
             Began as a Deep Dwarf Gladiator on Sept 8, 2014.
             Killed by divine providence
             ... invoked by an orc priest
              (13 damage)
             ... on Level 3 of the Dungeon.
             The game lasted 00:01:00 (1303 turns).

gw the Cudgeler (Deep Dwarf Gladiator)              Turns: 1303, Time: 00:01:00

HP -11/39        AC  7     Str 18      XL: 4   Next: 28%
MP   4/4         EV  8     Int  9      God:
Gold 0           SH  0     Dex 14      Spells:  0 memorised,  3 levels left

rFire  . . .     SeeInvis .     a - +0 flail
rCold  . . .     Clarity  .     n - +0 scale mail
rNeg   . . .     rCorr    .     (no shield)
rPois  .         rRot     .     c - +0 helmet
rElec  .         Spirit   .     (no cloak)
SustAb .         Warding  .     (no gloves)
rMut   .         Stasis   .     (no boots)
Gourm  .                        (no amulet)
MR     .....                    (no ring)
                                (no ring)

@: confused, non-regenerating, not resistant to hostile enchantments, extremely
unstealthy
A: damage resistance, recharge devices, sense surroundings 1, slow healing 3
a: Device Recharging


You were on level 3 of the Dungeon.
You were hungry.

You visited 1 branch of the dungeon, and saw 3 of its levels.

Inventory:

Hand weapons
 a - a +0 flail (weapon)
Missiles
 d - 3 throwing nets
 m - 23 bolts
Armour
 c - a +0 helmet (worn)
 n - a +0 scale mail (worn)
Magical devices
 b - a wand of heal wounds (3)
 e - a wand of heal wounds (4)
Comestibles
 f - 3 bread rations
 g - 2 meat rations
 i - a slice of pizza
Scrolls
 k - a scroll of identify


   Skills:
 + Level 2.2 Fighting
 * Level 4.2 Maces & Flails
 - Level 1.7 Throwing
 + Level 2.2 Armour
 - Level 3.2 Dodging


You had 3 spell levels left.
You didn't know any spells.

Dungeon Overview and Level Annotations

Branches:
Dungeon (3/15)

Altars:


Innate Abilities, Weirdness & Mutations

You are resistant to damage.
You can recharge devices by infusing magical energy.
You passively map a small area around you.
You do not heal naturally.


Message History

Something smites you!
ATTACK MOVE TO (0,-1)
You miss something.
ATTACK MOVE TO (1,-1) Ouch!
The orc hits you with a flail.
ATTACK MOVE TO (1,-1)
You closely miss the orc.
The orc is moderately wounded.
Something hits you but does no damage. The orc closely misses you.
The orc priest glows brightly for a moment.
ATTACK MOVE TO (0,-1)
You miss the orc.
The orc is moderately wounded.
The orc priest calls down the wrath of Beogh upon you.
Something smites you!
ATTACK MOVE TO (0,-1)
You miss something.
The orc priest calls down the wrath of Beogh upon you.
Something smites you!
You die...

, , , * , , , * .
, , * , [.. , , *
... , * * ,.. *
...########.# * ,
, ,
........rooo.####.
..####o.oSo....?.
* , #g########. ,
** #.!.......
...###### * ,
##### * , , , * ,
,


You could see 2 orc priests, 4 orcs, a ball python and a rat.

Table legend:
 A = Turns spent in this place as a percentage of turns spent in the entire game.
 B = Non-inter-level travel turns spent in this place as a percentage of non-inter-level travel turns spent in the entire game.
 C = Inter-level travel turns spent in this place as a percentage of turns spent in this place.
 D = Turns resting spent in this place as a percentage of non-inter-level travel turns spent in this place.
 E = Turns spent auto-exploring this place as a percentage of non-inter-level travel turns spent in this place.
 F = Non-inter-level travel turns spent in this place divided by the number of levels of this place that you've seen.
                   A       B       C       D       E      F
               +-------+-------+-------+-------+-------+----------------------
         Total | 100.0 | 100.0 |   0.4 |   0.0 |  14.6 | 166.7
       Dungeon | 100.0 | 100.0 |   0.4 |   0.0 |  14.6 | 166.7
               +-------+-------+-------+-------+-------+----------------------

Table legend:
 A = Kills in this place as a percentage of kills in entire the game.
 B = Kills by you in this place as a percentage of kills by you in the entire game.
 C = Kills by friends in this place as a percentage of kills by friends in the entire game.
 D = Other kills in this place as a percentage of other kills in the entire game.
 E = Experience gained in this place as a percentage of experience gained in the entire game.
 F = Experience gained in this place divided by the number of levels of this place that you have seen.
                   A       B       C       D       E      F
               +-------+-------+-------+-------+-------+----------------------
         Total | 100.0 | 100.0 |  -nan |  -nan | 100.0 |  41.7
       Dungeon | 100.0 | 100.0 |  -nan |  -nan | 100.0 |  41.7
               +-------+-------+-------+-------+-------+----------------------

Vanquished Creatures
  Jessica (D:2)
  An adder (D:2)
  2 worms (D:2)
  2 giant geckos
  An orc (D:3)
  5 bats
  A giant cockroach (D:1)
  7 goblins
  2 hobgoblins (D:1)
  11 jackals
  5 kobolds
  2 ball pythons
  5 giant newts
  2 rats (D:1)
47 creatures vanquished.

Notes
Turn   | Place    | Note
--------------------------------------------------------------
     0 | D:1      | gw, the Deep Dwarf Gladiator, began the quest for the Orb.
     0 | D:1      | Reached XP level 1. HP: 19/19 MP: 1/1
   124 | D:1      | Reached XP level 2. HP: 20/26 MP: 2/2
   180 | D:1      | Reached skill level 1 in Armour
   621 | D:2      | Noticed Jessica
   626 | D:2      | Killed Jessica
   626 | D:2      | Reached XP level 3. HP: 13/32 MP: 3/3
   688 | D:2      | Reached skill level 4 in Maces & Flails
   933 | D:2      | Reached XP level 4. HP: 15/39 MP: 4/4
  1303 | D:3      | Killed from afar by an orc priest

Action                   |  1- 3 |  4- 6 || total
-------------------------+-------+-------++-------
Melee: Flail             |   128 |    57 ||   185
Evoke: Wand              |     1 |     2 ||     3
  Use: Scroll            |     2 |       ||     2
       Potion            |     2 |       ||     2
  Eat: Chunk             |       |     1 ||     1

Vault maps used:
D:1:      zaba_arrival_water
D:2:      minmay_misc_feat_x, uniq_jessica
D:3:      lemuel_upstairs_altar, first_bread, kennysheep_small_spiral,
          uniq_grinder
